 Dungeon Crawl Stone Soup version 0.25.1-2-g60ff931df9 (webtiles) character file.

Game seed: 10396067957763493949

34 pokeman the Magician (level 3, -1/20 HPs)
             Began as a Deep Elf Wizard on Oct 8, 2020.
             Killed by divine providence
             ... invoked by an orc priest
              (12 damage)
             ... on level 2 of the Dungeon.
             The game lasted 00:02:30 (1669 turns).

pokeman the Magician (Deep Elf Wizard)              Turns: 1669, Time: 00:02:30

Health: -1/20      AC:  3    Str:  4    XL:     3   Next: 14%
Magic:  7/11       EV: 13    Int: 23    God:
Gold:   70         SH:  0    Dex: 13    Spells: 1/12 levels left

rFire    . . .     SeeInvis .   (no weapon)
rCold    . . .     Gourm    .   (no shield)
rNeg     . . .     Faith    .   a - +0 robe
rPois    .         Spirit   .   b - +0 hat
rElec    .         Reflect  .   (no cloak)
rCorr    .         Harm     .   (no gloves)
MR       .....                  j - +0 pair of boots
Stlth    ++........             (no amulet)
HPRegen  0.06/turn              (no ring)
MPRegen  0.12/turn              (no ring)

@: very slightly contaminated
A: no striking features
a: no special abilities


You were on level 2 of the Dungeon.
You were not hungry.

You visited 1 branch of the dungeon, and saw 2 of its levels.

You collected 70 gold pieces.

Inventory:

Armour
 a - a +0 robe (worn)
 b - a +0 hat (worn)
 j - a +0 pair of boots (worn)
Scrolls
 c - 2 scrolls of remove curse {unknown}
 e - a scroll of identify {unknown}
 f - a scroll of immolation {unknown}
Potions
 g - a potion of berserk rage {unknown}
 h - a potion of curing {unknown}
 i - a potion of ambrosia {unknown}
Comestibles
 d - 2 rations


   Skills:
 + Level 0.8 Fighting
 + Level 0.8 Armour
 - Level 2.4 Dodging
 - Level 2.4 Stealth
 * Level 5.1 Spellcasting
 + Level 1.7 Conjurations
 - Level 1.1 Summonings
 - Level 1.1 Translocations


You had one spell level left.
You knew the following spells:

 Your Spells              Type           Power        Failure   Level  Hunger
a - Magic Dart            Conj           ##..         4%          1    None
b - Mephitic Cloud        Conj/Pois/Air  #.......     22%         3    ##.....
c - Call Imp              Summ           ##......     9%          2    None
d - Blink                 Tloc           N/A          9%          2    None
e - Conjure Flame         Conj/Fire      #.......     21%         3    ##.....

Your spell library contained the following spells:

 Spells                   Type           Power        Failure   Level  Hunger
 Slow                     Hex            #.......     14%         2    None


Dungeon Overview and Level Annotations

Branches:
Dungeon (2/15)

Altars:


Message History

Casting: Magic Dart (safe; 4% risk of failure)
Confirm with . or Enter, or press ? or * to list all spells.
Aiming: Magic Dart (safe; 4% risk of failure)
Press: ? - help, Shift-Dir - straight line, f/p - orc priest
Aim: an orc priest, wearing a +0 ring mail (moderately wounded)
The magic dart hits the orc priest but does no damage.
The orc priest is moderately wounded.
You hear a shout!
Casting: Magic Dart (safe; 4% risk of failure)
Confirm with . or Enter, or press ? or * to list all spells.
Aiming: Magic Dart (safe; 4% risk of failure)
Press: ? - help, Shift-Dir - straight line, f/p - orc priest
Aim: an orc priest, wearing a +0 ring mail (moderately wounded)
You miscast Magic Dart.
You are very lightly contaminated with residual magic.
Nothing appears to happen.
The orc priest mumbles some strange prayers to Beogh against you.
Beogh smites you!
Ouch! That really hurt!
You die...

r..# ...< ###........ ...
#..##.........# ..
###..##.........# #.
##+###...............#
####.#.##...##..........#.....
.....o..'...##......>#..##.#..
..8...###o..##.....#....# .#..
...o. #...##..........# #..
.... #....@..#.###...##.#..
... #....#.....<..[....... ..
#....####.###.######## .
#.....................
#########.......######
.....##.#.# #...
##....#.#.###.##
#..#.#.........
#..#.###.###.#.


You could see an orc priest.

Vanquished Creatures
  A worm (D:2)
  2 dart slugs (D:1)
  A leopard gecko (D:2)
  2 giant cockroaches
  3 hobgoblins
  2 jackals (D:1)
  3 kobolds
  2 bats (D:1)
  A frilled lizard (D:1)
  4 goblins
  4 rats (D:1)
25 creatures vanquished.

Notes
Turn   | Place    | Note
-------+----------+-------------------------------------------
     0 | D:1      | pokeman the Deep Elf Wizard began the quest for the Orb.
     0 | D:1      | Reached XP level 1. HP: 10/10 MP: 7/7
   210 | D:1      | Reached XP level 2. HP: 13/16 MP: 1/9
   933 | D:1      | Reached skill level 5 in Spellcasting
  1207 | D:2      | Reached XP level 3. HP: 20/20 MP: 4/11
  1212 | D:2      | Learned a level 3 spell: Mephitic Cloud
  1215 | D:2      | Learned a level 2 spell: Call Imp
  1218 | D:2      | Learned a level 2 spell: Blink
  1222 | D:2      | Learned a level 3 spell: Conjure Flame
  1669 | D:2      | Killed from afar by an orc priest

Illustrated notes

Levels and vault maps discovered:
D:1:      ncdulo_halloftheorcs, layout_basic, serial_forest,
          infiniplex_forest_lined_corner, infiniplex_forest_clump_curved,
          infiniplex_forest_join, infiniplex_forest_straight_2,
          infiniplex_forest_clump_long, infiniplex_forest_lined_3
D:2:      cheibrodos_pilgrimage, layout_basic, nicolae_overflow_crystal_walls,
          kennysheep_nub

Skill      XL: |  1  2 |
---------------+-------+-----
Spellcasting   | 5 |  5.1
Fighting       | |  0.8
Armour         | |  0.8
Dodging        | |  2.4
Stealth        | |  2.4
Conjurations   | |  1.7
Summonings     | |  1.1
Translocations | |  1.1

Action                   || total
-------------------------++-------
Melee: Unarmed           ||     1
 Cast: Magic Dart        ||    89
  Eat: Chunk             ||     2
Armor: Robe              ||     8
Dodge: Dodged            ||    13
